 Dungeon Crawl Stone Soup version 0.30-a0-778-g2ef04afb54 (webtiles) character file.

Game seed: 15086770289480784640

1552 AzureAlchemist the Trooper (level 8, -10/70 HPs)
             Began as a Demigod Fire Elementalist on Feb 15, 2023.
             Mangled by a hornet (13 damage)
             ... on level 7 of the Dungeon.
             The game lasted 00:25:38 (7597 turns).

AzureAlchemist the Trooper (DgFE)                   Turns: 7597, Time: 00:25:39

Health: -10/70     AC:  9    Str:  9    XL:     8   Next: 31%
Magic:  14/17      EV: 12    Int: 25    God:
Gold:   369        SH:  0    Dex: 14    Spells: 5/15 levels left

rFire   + . .      SeeInvis .    c - +4 trident (protect)
rCold   . . .      Faith    .    (no shield)
rNeg    . . .      Spirit   .    a - +3 leather armour
rPois   +          Reflect  .    n - +0 helmet
rElec   .          Harm     .    (no cloak)
rCorr   .          Rampage  .    s - +0 pair of gloves
Will    .....                    f - +0 pair of boots
Stlth   ++                       (no amulet)
HPRegen 0.31/turn                o - ring of poison resistance
MPRegen 0.15/turn                A - ring of protection from fire

@: very slightly contaminated, slowed, very slow
A: high MP 1, forlorn, divine attributes
a: no special abilities


You were on level 7 of the Dungeon.
You visited 1 branch of the dungeon, and saw 7 of its levels.
You also visited: Sewer.

You collected 369 gold pieces.

Inventory:

Hand Weapons
 c - a +4 trident of protection (weapon)
Armour
 a - a +3 leather armour (worn)
 f - a +0 pair of boots (worn)
 n - a +0 helmet (worn)
 s - a +0 pair of gloves (worn)
Jewellery
 h - a ring of wizardry
 o - a ring of poison resistance (left hand)
 y - a ring of resist corrosion
 A - a ring of protection from fire (right hand)
Wands
 l - a wand of flame (17)
 q - a wand of charming (8)
Scrolls
 i - 2 scrolls of silence
 j - 3 scrolls of identify
 k - a scroll of vulnerability
 v - 2 scrolls of magic mapping
Potions
 d - 3 potions of resistance
 e - 2 potions of flight
 g - a potion of brilliance {unknown}
 m - a potion of attraction
 p - 2 potions of curing
 r - 2 potions of heal wounds {unknown}
 t - 4 potions of mutation {unknown}
 u - a potion of invisibility {unknown}
 w - 3 potions of haste {unknown}
 x - a potion of degeneration {unknown}
 z - a potion of lignification {unknown}


   Skills:
 + Level 5.8 Fighting
 + Level 3.9 Dodging
 - Level 1.7 Stealth
 - Level 4.0 Spellcasting
 + Level 4.1 Conjurations
 - Level 2.0 Hexes
 + Level 4.1 Fire Magic


You had 5 spell levels left.
You knew the following spells:

 Your Spells              Type           Power      Damage    Failure   Level
a - Foxfire               Conj/Fire      100%       2x1d9     2%          1
b - Scorch                Fire           50%        2d8       3%          2
c - Inner Flame           Hex/Fire       20%        N/A       11%         3
d - Flame Wave            Conj/Fire      25%        2d8       22%         4

Your spell library contained the following spells:

 Spells                   Type           Power      Damage    Failure   Level
 Static Discharge         Conj/Air       30%        2-4/arc   9%          2
 Beastly Appendage        Tmut           10%        N/A       13%         1
 Wereblood                Tmut           5%         N/A       19%         2
 Ignite Poison            Fire/Tmut/Pois 11%        N/A       22%         3
 Kindle Blastsparks       Fire/Tloc/Air  22%        2d11      22%         3
 Spider Form              Tmut/Pois      5%         N/A       36%         3
 Vhi's Electric Charge    Tloc/Air       10%        N/A       36%         3
 Arcjolt                  Conj/Air       7%         1d17      83%         5
 Lightning Bolt           Conj/Air       7%         1d20      83%         5
 Freezing Cloud           Conj/Ice/Air   5%         6-21      90%         5
 Summon Cactus Giant      Summ           2%         N/A       100%        6


Dungeon Overview and Level Annotations

Branches:
Dungeon (7/15)             Temple (0/1) D:5           Sewer (visited)

Shops:
D:5 *[?(?   D:6 *

Annotations:
D:4 1 runed translucent door, exclusion: door


Innate Abilities, Weirdness & Mutations

You have an increased reservoir of magic. (+10% MP)
You shall have no god before yourself.
Your divine heritage dramatically boosts your attributes as you level up.


Message History

Casting: Flame Wave (dangerous; 22% risk of failure)
Confirm with . or Enter, or press ? or * to list all spells.
Casting: Flame Wave (dangerous; 22% risk of failure)
Press: ? - help, Dir - look around, f - activate You miscast Flame Wave.
You are very lightly contaminated with residual magic.
Nothing appears to happen.
The hornet closely misses you. The hornet stings you.
* * * LOW HITPOINT WARNING * * *
You suddenly lose the ability to move!
The hornet stings you.
* * * LOW HITPOINT WARNING * * *
You feel as though you will be slow longer.
You can move again.
The hornet closely misses you. x2
Magic courses through your body.
The hornet stings you but does no damage.
A bullfrog comes into view.
The hornet completely misses you.
Okay, then.
Unknown command.
Casting: Flame Wave (dangerous; 22% risk of failure)
Confirm with . or Enter, or press ? or * to list all spells.
Casting: Flame Wave (dangerous; 22% risk of failure)
Press: ? - help, Dir - look around, f - activate You miscast Flame Wave.
A wave of violent energy washes through your body!
* * * LOW HITPOINT WARNING * * *
The bullfrog croaks.
You hear a shout!
The hornet stings you.
* * * LOW HITPOINT WARNING * * *
You feel as though you will be slow longer.
The hornet barely misses you. The hornet stings you.
* * * LOW HITPOINT WARNING * * *
You feel as though you will be slow longer.
The hornet stings you but does no damage.
The hornet stings you.
* * * LOW HITPOINT WARNING * * *
The hornet stings you!
You die...

###...## .. ...
...... .#
...####...##..###
................
. #...# #. #.<.#
# #.# #...# #.##
#.##...#
F.###@....#
#.#y#F..##
#F##..## #J##..#
#.##..# ...#..#
.o..o.# #...#.##
..o..


You could see a hornet, an orc warrior, 2 bullfrogs and a jelly.

Vanquished Creatures
  Sigmund (D:3)
  Edmund (D:5)
  A black bear (D:5)
  An ice beast (D:5)
  An ogre (D:5)
  2 phantoms (D:5)
  2 necrophages
  2 scorpions
  2 hounds
  5 jellies
  2 iguanas (D:5)
  Natasha (thrice) (D:3)
  2 orc wizards
  2 river rats (Sewer)
  6 adders
  A shadow imp (D:5)
  3 ufetubi (D:4)
  3 dart slugs
  5 worms
  14 orcs
  20 endoplasms
  5 giant cockroaches
  5 goblins
  9 hobgoblins
  7 kobolds
  6 quokkas
  6 ball pythons
  6 bats
  7 frilled lizards
  18 rats
148 creatures vanquished.

Vanquished Creatures (others)
  A quokka (D:3)
  350 foxfires
351 creatures vanquished.

Grand Total: 499 creatures vanquished

Notes
Turn   | Place    | Note
-------+----------+-------------------------------------------
     0 | D:1      | AzureAlchemist the Demigod Fire Elementalist began the
                  | quest for the Orb.
     0 | D:1      | Reached XP level 1. HP: 14/14 MP: 5/5
   522 | D:1      | Reached XP level 2. HP: 20/20 MP: 3/7
   558 | D:1      | Learned a level 2 spell: Scorch
  1006 | D:1      | Reached skill level 1 in Fighting
  1275 | D:2      | Reached XP level 3. HP: 8/28 MP: 6/10
  1725 | D:2      | Learned a level 3 spell: Inner Flame
  2339 | D:3      | Noticed Natasha
  2345 | D:3      | Killed Natasha
  2346 | D:3      | Reached skill level 2 in Fighting
  2346 | D:3      | Reached XP level 4. HP: 27/36 MP: 7/11
  2423 | D:3      | Noticed Sigmund
  2430 | D:3      | Killed Sigmund
  2431 | D:3      | Reached skill level 3 in Fighting
  2431 | D:3      | Reached skill level 1 in Hexes
  2431 | D:3      | Reached XP level 5. HP: 40/45 MP: 4/13
  2499 | D:3      | Learned a level 4 spell: Flame Wave
  2585 | D:3      | Noticed Natasha
  2592 | D:3      | Killed Natasha
  2618 | D:3      | Noticed Natasha
  2624 | D:3      | Killed Natasha
  2782 | D:3      | Reached XP level 6. HP: 51/51 MP: 13/15
  3464 | D:4      | Reached skill level 1 in Conjurations
  3809 | D:4      | Found a runed translucent door.
  4658 | D:5      | Entered Level 5 of the Dungeon
  4791 | D:5      | Noticed Edmund
  4798 | D:5      | Killed Edmund
  4799 | D:5      | Reached skill level 4 in Fighting
  4813 | D:5      | Found Dewnuif's Antique Weapon Shop.
  4823 | D:5      | Found Ilyumor's Magic Scroll Shop.
  4823 | D:5      | Found Miust's Antique Armour Shop.
  4827 | D:5      | Found Ugidia's General Store.
  4848 | D:5      | Reached XP level 7. HP: 39/58 MP: 1/16
  5022 | D:5      | Found a glowing drain.
  5026 | Sewer    | Entered a sewer
  5921 | D:5      | Reached skill level 5 in Fighting
  5983 | D:5      | Found a staircase to the Ecumenical Temple.
  6140 | D:5      | Reached XP level 8. HP: 68/68 MP: 11/17
  6496 | D:5      | Found The Oracle's Delphic Readings.
  6650 | D:6      | Found Zoli's Gadget Gallery.
  7581 | D:7      | Noticed a hornet
  7592 | D:7      | Paralysed by a hornet for 1 turns
  7596 | D:7      | HP: 3/70 [hornet (1)]
  7597 | D:7      | Mangled by a hornet

Illustrated notes

Levels and vault maps discovered:
D:1:      sevenhm_arrival_forest_fort_large_2, layout_loops_cross
D:2:      layout_loops_ring, basic_altar, hangedman_feature_mirror,
          eino_curves_01, grunt_decor_junction
D:3:      layout_loops_ring, elyvilon_altar_4,
          shapermc_ecumenical_altar_mp_vishouse, uniq_natasha, uniq_sigmund
D:4:      layout_loops_corners, uniq_crazy_yiuf_cottage
D:5:      layout_basic, minmay_temple_entry_wispy, gup_sewer_entry_spiral,
          minmay_shop_grid_forest, nicolae_nh_oracle_at_delphi, uniq_edmund
D:6:      layout_cave_pods, general_overflow_altar, fedhas_altar_1,
          palyth_stone_intersect, kennysheep_nub, nicolae_shop_gadgets
D:7:      layout_loops_ring, kennysheep_slug_shrine, enter_bailey_3,
          gammafunk_ghost_smash

Skill      XL: |  1  2  3  4  5  6  7 |
---------------+----------------------+-----
Spellcasting   | 2 3 4 |  4.0
Fighting       | 1 2 3 4 5 |  5.8
Hexes          | 1 2 |  2.0
Conjurations   | 2 4 |  4.1
Fire Magic     | 3 4 |  4.1
Dodging        | 3 |  3.9
Stealth        | |  1.7

Action                     |  1- 3 |  4- 6 |  7- 9 || total
---------------------------+-------+-------+-------++-------
  Melee: Dagger            |    13 |    10 |     4 ||    27
         Unarmed           |     5 |       |       ||     5
         Spear             |     2 |       |       ||     2
         Flail             |       |     2 |     2 ||     4
         Trident           |       |       |     2 ||     2
   Cast: Foxfire           |    63 |    78 |    56 ||   197
         Scorch            |     8 |    27 |    32 ||    67
         Inner Flame       |       |     2 |     6 ||     8
         Flame Wave        |       |       |     3 ||     3
    Use: Scroll            |     7 |     4 |     3 ||    14
         Potion            |     1 |       |     1 ||     2
   Stab: Sleeping          |     5 |       |       ||     5
 Armour: Robe              |     6 |     4 |     9 ||    19
         Leather armour    |       |       |     6 ||     6
  Dodge: Dodged            |    10 |    28 |    24 ||    62

Table legend: (Time is in decaauts)
 A = Elapsed time spent in this place.
 B = Non-inter-level travel time spent in this place.
 C = Inter-level travel time spent in this place.
 D = Time resting spent in this place.
 E = Time spent auto-exploring this place.
 F = Levels seen in this place.
 G = Mean time per level.
                   A        B        C        D        E       F      G
               +--------+--------+--------+--------+--------+-----+--------+
         Total |   7656 |   7546 |    110 |    965 |   5186 |   8 |  957.0 |
       Dungeon |   7035 |   6925 |    110 |    774 |   4948 |   7 | 1005.0 |
         Sewer |    620 |    620 |      0 |    191 |    237 |   1 |  620.0 |
               +--------+--------+--------+--------+--------+-----+--------+

Top non-repeatable levels by time:
     D:5: 1424 daAuts
     D:1: 1327 daAuts
     D:4: 1264 daAuts
     D:3: 1052 daAuts
     D:2: 1011 daAuts
     D:6: 920 daAuts
   Sewer: 620 daAuts
     D:7: 34 daAuts
